 Dungeon Crawl Stone Soup version 0.30-a0-758-gc2c871d025 (webtiles) character file.

Game seed: 2324682421507028307

105 Rustlers the Chopper (level 5, 0/42 HPs)
             Began as a Human Berserker on Feb 10, 2023.
             Was a Priest of Trog.
             Succumbed to Robin's poison
             ... on level 3 of the Dungeon.
             The game lasted 00:04:14 (2126 turns).

Rustlers the Chopper (Human Berserker)              Turns: 2126, Time: 00:04:15

Health: 0/42       AC:  9    Str: 20    XL:     5   Next: 9%
Magic:  2/5        EV:  8    Int:  7    God:    Trog [***...]
Gold:   96         SH:  0    Dex: 12    Spells: 4/4 levels left

rFire   . . .      SeeInvis .    a - +0 hand axe
rCold   + . .      Faith    .    (no shield)
rNeg    + . .      Spirit   +    m - +0 chain mail
rPois   .          Reflect  .    (no helmet)
rElec   .          Harm     .    (no cloak)
rCorr   .          Rampage  .    (no gloves)
Will    .....                    (no boots) Stlth
                                 h - amulet of guardian spirit
HPRegen 0.27/turn                g - ring of protection from cold
MPRegen 0.09/turn                b - ring of positive energy

@: lethally poisoned (0 -> -1), on berserk cooldown, attractive, hasted and
slowed
A: no striking features
a: Renounce Religion, Berserk, Trog's Hand


You were on level 3 of the Dungeon.
You worshipped Trog.
Trog was most pleased with you.
You visited 1 branch of the dungeon, and saw 3 of its levels.

You collected 96 gold pieces.

Inventory:

Hand Weapons
 a - a +0 hand axe (weapon)
Armour
 m - a +0 chain mail (worn)
Jewellery
 b - a ring of positive energy (right hand)
 g - a ring of protection from cold (left hand)
 h - an amulet of guardian spirit (around neck)
 l - a +6 ring of strength
Scrolls
 c - 2 scrolls of identify {unknown}
 e - a scroll of immolation {unknown}
 j - a scroll of blinking {unknown}
Potions
 k - a potion of invisibility {unknown}


   Skills:
 + Level 3.7 Fighting
 + Level 3.7 Axes
 + Level 2.9 Armour
 + Level 2.9 Dodging


You had 4 spell levels left.
You didn't know any spells.
Your spell library contained the following spells:

 Spells                   Type           Power      Damage    Failure   Level
 Apportation              Tloc           0%         N/A       99%         1
 Necrotise                Necr           0%         1d4       99%         1
 Summon Small Mammal      Summ           0%         N/A       99%         1
 Ozocubu's Armour         Ice            0%         N/A       100%        3
 Metabolic Englaciation   Hex/Ice        0%         N/A       100%        5
 Simulacrum               Ice/Necr       0%         N/A       100%        6


Dungeon Overview and Level Annotations

Branches:
Dungeon (3/15)

Altars:


Message History

Robin hits you but does no damage.
You are more poisoned.
You barely miss Robin.
You feel very sick.
Robin hits you with a +1 dagger of venom.
* * * LOW HITPOINT WARNING * * *
You are too injured to fight recklessly!
You slash Robin!
Robin is heavily wounded.
* * * LOW HITPOINT WARNING * * *
You feel sick. Robin closely misses you.
You closely miss Robin.
Robin is heavily wounded.
* * * LOW HITPOINT WARNING * * *
You feel sick.
You slash Robin!
You kill Robin!
Trog accepts your kill.
* * * LOW HITPOINT WARNING * * *
You feel sick.
You have reached level 5!
Calm down first, please.
You feel sick.
You feel a strong urge to attack something.
You feel sick.
You feel sick.
You feel your anger nearly subside.
You are no longer berserk.
You are exhausted.
You feel yourself slow down.
* * * LOW HITPOINT WARNING * * *
You feel sick.
* * * LOW HITPOINT WARNING * * *
You feel sick.
Okay, then.
It was a potion of attraction.
You feel attractive to monsters.
* * * LOW HITPOINT WARNING * * *
You feel sick.
It was a potion of haste.
You feel yourself speed up.
You die...

.....## ##.##.# #.##
##.##.# ..#
......########.###
...#.............#........
...#.............#........
...#.............#........
...##.......###))#........
...########.####@#........
...# ######†).##)#..g...<.
...#.............#ggg.....
.............#.).g....
.............).#.#####
[...........#..# #
...............#
............#....
#############..(..


There were no monsters in sight!

Vanquished Creatures
  Robin (D:3)
  An adder (D:2)
  3 worms (D:2)
  2 dart slugs
  6 endoplasms
  2 giant cockroaches (D:2)
  14 goblins
  8 hobgoblins
  4 jackals (D:2)
  A quokka (D:2)
  8 ball pythons (D:1)
  3 bats
  5 frilled lizards
  4 kobolds
  6 rats
68 creatures vanquished.

Notes
Turn   | Place    | Note
-------+----------+-------------------------------------------
     0 | D:1      | Rustlers the Human Berserker began the quest for the Orb.
     0 | D:1      | Reached XP level 1. HP: 18/18 MP: 1/1
   216 | D:1      | Reached XP level 2. HP: 24/24 MP: 2/2
   609 | D:1      | Reached XP level 3. HP: 27/29 MP: 3/3
   759 | D:1      | Found a faded altar of an unknown god.
  1180 | D:2      | Reached ** piety under Trog
  1540 | D:2      | Reached XP level 4. HP: 23/35 MP: 2/4
  2085 | D:3      | Noticed Robin
  2113 | D:3      | Reached *** piety under Trog
  2119 | D:3      | Killed Robin
  2120 | D:3      | Reached XP level 5. HP: 8/42 MP: 2/5
  2124 | D:3      | HP: 2/42 [poisoned by Robin]
  2126 | D:3      | Succumbed to Robin's poison

Illustrated notes

Levels and vault maps discovered:
D:1:      psy_arrival_radial01, layout_basic,
          dreamdust_ecumenical_altar_angels_and_demons
D:2:      layout_rooms, minmay_hexomino_p4
D:3:      layout_basic, serial_shops, shop, shop, shop, shop, shop_statue,
          hangedman_decor_points, uniq_robin

Action                     |  1- 3 |  4- 6 || total
---------------------------+-------+-------++-------
  Melee: Hand axe          |   142 |    73 ||   215
         Punch             |       |     4 ||     4
 Invoke: Berserk           |       |     1 ||     1
    Use: Potion            |       |     2 ||     2
   Stab: Distracted        |     1 |       ||     1
         Sleeping          |     1 |       ||     1
 Armour: Animal skin       |    12 |       ||    12
         Leather armour    |     6 |       ||     6
         Chain mail        |       |    47 ||    47
  Dodge: Dodged            |    84 |    39 ||   123

Table legend: (Time is in decaauts)
 A = Elapsed time spent in this place.
 B = Non-inter-level travel time spent in this place.
 C = Inter-level travel time spent in this place.
 D = Time resting spent in this place.
 E = Time spent auto-exploring this place.
 F = Levels seen in this place.
 G = Mean time per level.
                   A        B        C        D        E       F      G
               +--------+--------+--------+--------+--------+-----+--------+
         Total |   2151 |   2099 |     52 |      0 |   1625 |   3 |  717.0 |
       Dungeon |   2151 |   2099 |     52 |      0 |   1625 |   3 |  717.0 |
               +--------+--------+--------+--------+--------+-----+--------+

Top non-repeatable levels by time:
     D:1: 1310 daAuts
     D:2: 753 daAuts
     D:3: 88 daAuts
